 Dungeon Crawl Stone Soup version 0.30.0-29-ga12c61a403 (webtiles) character file.

Game seed: 13699804227814107511

268 Ijustatesigmund the Stinger (level 6, -5/38 HPs)
             Began as an Octopode Venom Mage on June 14, 2023.
             Splashed by a jelly's acid (9 damage)
             ... on level 4 of the Dungeon.
             The game lasted 00:03:55 (2536 turns).

Ijustatesigmund the Stinger (Octopode Venom Mage)   Turns: 2536, Time: 00:03:55

Health: -5/38      AC: -7    Str:  7    XL:     6   Next: 21%
Magic:  11/11      EV: 13    Int: 20    God:
Gold:   103        SH:  0    Dex: 12    Spells: 1/11 levels left

rFire   . . .        d - +0 short sword
rCold   . . .        (no shield)
rNeg    . . .        (helmet restricted)
rPois   .            (no amulet)
rElec   .            (no ring)
rCorr   .            (no ring)
SInv    .            (no ring)
Will    .....        (no ring)
Stlth   +++          (no ring)
HPRegen 0.26/turn    (no ring)
MPRegen 0.12/turn    (no ring)
                     (no ring)

%: no passive effects
@: brilliant, corroded
A: almost no armour, amphibious, 8 rings, camouflage 1, gelatinous body 1,
(nimble swimmer 1), tentacles
a: no special abilities


You were on level 4 of the Dungeon.
You visited 1 branch of the dungeon, and saw 4 of its levels.

You collected 103 gold pieces.

Inventory:

Hand Weapons
 d - a +0 short sword (weapon)
Scrolls
 b - a scroll of noise {unknown}
 c - a scroll of teleportation {unknown}
 e - 4 scrolls of amnesia {unknown}
 f - a scroll of blinking {unknown}
 g - a scroll of brand weapon {unknown}
 h - a scroll of identify {unknown}
 i - a scroll of enchant weapon {unknown}
Potions
 a - a potion of magic
 j - a potion of curing
 l - a potion of mutation {unknown}


   Skills:
 - Level 1.1 Fighting
 - Level 2.0 Dodging
 - Level 2.6 Stealth
 + Level 3.3 Spellcasting
 + Level 2.2 Conjurations
 + Level 1.1 Transmutations
 + Level 2.4 Air Magic
 + Level 5.2 Poison Magic


You had one spell level left.
You knew the following spells:

 Your Spells              Type           Power      Damage    Failure   Level
a - Sting                 Tmut/Pois      96%        1d7       3%          1
b - Poisonous Vapours     Pois/Air       54%        N/A       4%          2
c - Mephitic Cloud        Conj/Pois/Air  24%        N/A       11%         3
d - Olgreb's Toxic Radia  Pois           36%        N/A       16%         4

Your spell library contained the following spells:

 Spells                   Type           Power      Damage    Failure   Level
 Ignite Poison            Fire/Tmut/Pois 17%        N/A       17%         3
 Sticky Flame             Conj/Fire      11%        2d3       65%         4
 Ignition                 Fire           2%         3d3       100%        8


Dungeon Overview and Level Annotations

Branches:
Dungeon (4/15)
 Temple: D:4-7

Altars:
Ashenzari
Uskayaw


Innate Abilities, Weirdness & Mutations

You cannot wear most types of armour.
You are amphibious.
You can wear up to eight rings at the same time.
Your skin changes colour to match your surroundings (Stealth+).
Your rubbery body absorbs attacks. (AC +1, EV +1)
((You are camouflaged when in or above water. (Stealth+)))
You have tentacles for arms and can constrict up to eight enemies at once.


Message History

There are monsters nearby!
The helpless jelly fails to defend itself.
You hit the jelly. The acid corrodes you!
Your tentacles burn!
You squeeze the jelly.
The jelly is moderately wounded.
The jelly closely misses you.
You hit the jelly but do no damage.
Your tentacles burn!
The jelly is moderately wounded.
The jelly barely misses you.
It was a potion of curing.
You feel better. The jelly misses you.
You hit the jelly.
Your tentacles burn!
You squeeze the jelly, but do no damage.
The jelly is moderately wounded.
The jelly barely misses you.
You hit the jelly.
Your tentacles burn!
The jelly is heavily wounded.
The jelly closely misses you.
You hit the jelly but do no damage.
Your tentacles burn!
The jelly is heavily wounded.
The jelly hits you. The acid corrodes you!
You are splashed with acid!
You completely miss the jelly.
You squeeze the jelly, but do no damage.
The jelly is moderately wounded.
The jelly barely misses you.
You hit the jelly but do no damage.
Your tentacles burn!
Your squeeze misses the jelly.
The jelly is moderately wounded.
The jelly hits you. The acid corrodes you!
You are splashed with acid!
* * * LOW HITPOINT WARNING * * *
You hit the jelly but do no damage.
Your tentacles burn!
* * * LOW HITPOINT WARNING * * *
The jelly is moderately wounded.
The jelly closely misses you.
Okay, then.
It was a potion of brilliance.
You feel clever all of a sudden. The jelly hits you.
* * * LOW HITPOINT WARNING * * *
You are splashed with acid!
You die...

...
######...
#........
#........
+......
###....
#...J#
#..@.#
#....#
#.<..#
#.........#
#.........+
#.........#
#.........#
######.....
#......


You could see a jelly.

Vanquished Creatures
  Sigmund (D:2)
  A hound (D:3)
  3 adders
  2 dart slugs (D:1)
  A ball python (D:1)
  3 bats (D:1)
  4 endoplasms
  2 giant cockroaches
  4 hobgoblins
  5 jackals (D:1)
  3 quokkas (D:1)
  5 frilled lizards
  A goblin (D:2)
  4 kobolds
  A rat (D:1)
40 creatures vanquished.

Notes
Turn   | Place    | Note
-------+----------+-------------------------------------------
     0 | D:1      | Ijustatesigmund the Octopode Venom Mage began the quest for
                  | the Orb.
     0 | D:1      | Reached XP level 1. HP: 11/11 MP: 3/3
    84 | D:1      | Reached XP level 2. HP: 6/18 MP: 1/5
   261 | D:1      | Reached skill level 1 in Fighting
   296 | D:1      | Reached skill level 4 in Poison Magic
   689 | D:1      | Learned a level 2 spell: Poisonous Vapours
   771 | D:1      | Reached XP level 3. HP: 17/23 MP: 6/6
  1006 | D:1      | Learned a level 3 spell: Mephitic Cloud
  1479 | D:2      | Noticed Sigmund
  1493 | D:2      | Killed Sigmund
  1494 | D:2      | Reached skill level 5 in Poison Magic
  1494 | D:2      | Reached XP level 4. HP: 6/28 MP: 0/8
  1494 | D:2      | Reached XP level 5. HP: 7/33 MP: 0/9
  1629 | D:2      | Reached XP level 6. HP: 21/38 MP: 8/10
  1837 | D:2      | Learned a level 4 spell: Olgreb's Toxic Radiance
  2197 | D:3      | Found a broken altar of Ashenzari.
  2418 | D:3      | Found a hide-covered altar of Uskayaw.
  2536 | D:4      | Splashed by a jelly's acid

Illustrated notes

Levels and vault maps discovered:
D:1:      lightli_arrival_boilingwater, layout_loops_ring
D:2:      layout_basic, uniq_sigmund
D:3:      layout_rooms, nicolae_ashenzari_panopticon,
          nicolae_overflow_crystal_walls
D:4:      layout_gridville, uniq_menkaure

Skill      XL: |  1  2  3 |
---------------+----------+-----
Fighting       | 1 |  1.1
Poison Magic   | 4 5 |  5.2
Spellcasting   | 3 |  3.3
Conjurations   | 2 |  2.2
Air Magic      | 2 |  2.4
Dodging        | |  2.0
Stealth        | |  2.6
Transmutations | |  1.1

Action                     |  1- 3 |  4- 6 || total
---------------------------+-------+-------++-------
  Melee: Unarmed           |    44 |       ||    44
         Tentacles         |    16 |     7 ||    23
         Constrict         |    19 |     3 ||    22
         Short sword       |    37 |    26 ||    63
         Punch             |       |     1 ||     1
   Cast: Sting             |    15 |       ||    15
         Poisonous Vapours |    10 |     8 ||    18
    Use: Potion            |       |     2 ||     2
   Stab: Sleeping          |     1 |     1 ||     2
 Armour: Skin              |     5 |     1 ||     6
  Dodge: Dodged            |    66 |    15 ||    81
